 Dungeon Crawl Stone Soup version 0.23.1 (webtiles) character file.

Game seed: 4805504668401723333

101 Kairos the Sneak (level 4, -2/21 HPs)
             Began as a Vine Stalker Enchanter on Mar 17, 2019.
             Slain by an ogre
             ... wielding a +0 giant spiked club
              (4 damage)
             ... on level 4 of the Dungeon.
             The game lasted 00:03:58 (2481 turns).

Kairos the Sneak (Vine Stalker Enchanter)           Turns: 2481, Time: 00:03:59

Health: -2/21      AC:  6    Str: 11    XL:     4   Next: 75%
Magic:  0/9        EV:  6    Int: 15    God:
Gold:   111        SH:  7    Dex: 15    Spells: 7/8 levels left

rFire    . . .     SeeInvis .   o - +3 dagger (freeze)
rCold    . . .     Gourm    .   m - +0 shield
rNeg     . . .     Faith    .   u - +0 scale mail
rPois    .         Spirit   +   (no helmet)
rElec    .         Reflect  .   (no cloak)
rCorr    .         Harm     .   (no gloves)
MR       .....                  (no boots)
Stlth    ++........             (no amulet)
HPRegen  0.47/turn              (no ring)
MPRegen  0.11/turn              (no ring)

@: no status effects
A: fangs 2, regeneration 1, magic shield, antimagic bite, no potion heal 3, rot
immunity
a: no special abilities


You were on level 4 of the Dungeon.
You were not hungry.

You visited 1 branch of the dungeon, and saw 4 of its levels.

You collected 111 gold pieces.

Inventory:

Hand Weapons
 a - a +1 dagger
 o - a +3 dagger of freezing (weapon)
Armour
 b - a +0 robe
 i - a +0 robe
 m - a +0 shield (worn)
 u - a +0 scale mail (worn)
Wands
 s - a wand of polymorph (7)
Scrolls
 e - 2 scrolls of fear {unknown}
 j - a scroll of magic mapping {unknown}
 k - a scroll of remove curse
 l - 2 scrolls of blinking {unknown}
 n - 3 scrolls of enchant armour {unknown}
 p - a scroll of teleportation {unknown}
 q - a scroll of immolation {unknown}
 r - 2 scrolls of noise {unknown}
Potions
 c - 2 potions of heal wounds
 f - a potion of lignification
 g - a potion of invisibility {unknown}
 t - a potion of degeneration {unknown}
Comestibles
 d - 7 rations


   Skills:
 + Level 0.6 Fighting
 + Level 1.7 Short Blades
 + Level 2.0 Dodging
 + Level 4.9 Stealth
 + Level 0.3 Shields
 + Level 2.7 Spellcasting
 + Level 3.3 Hexes


You had 7 spell levels left.
You knew the following spells:

 Your Spells              Type           Power        Failure   Level  Hunger
a - Corona                Hex            ##.....      91%         1    #......

Your spell library contained the following spells:

 Spells                   Type           Power        Failure   Level  Hunger
 Ensorcelled Hibernation  Hex/Ice        #.....       100%        2    ##.....
 Confuse                  Hex            ##......     100%        3    ###....
 Dazzling Spray           Conj/Hex       #.....       100%        3    ###....
 Tukima's Dance           Hex            ##......     100%        3    ###....


Dungeon Overview and Level Annotations

Branches:
Dungeon (4/15)
 Temple: D:4-7

Altars:
Qazlal
Sif Muna


Innate Abilities, Weirdness & Mutations

You have extremely sharp teeth.
Your natural rate of healing is unusually fast.
When hurt, damage is shared between your health and your magic reserves.
Your bite disrupts and absorbs the magic of your enemies.
Potions cannot restore your health.
You are immune to rotting.


Message History

You see here a frilled lizard corpse.
g - a cyan potion
Found a war axe.
An ogre comes into view. It is wielding a +0 giant spiked club.
The ogre shouts!
You hear a shout!
Your shield and scale mail prevent you from hitting the ogre.
The ogre hits you with a +0 giant spiked club!!
Ouch! That really hurt!
* * * LOW HITPOINT WARNING * * *
You are too injured to fight recklessly!
You are too injured to fight recklessly!
You are too injured to fight recklessly!
You are too injured to fight recklessly!
You are too injured to fight recklessly!
Aiming: Polymorph
Press: ? - help, Shift-Dir - straight line, f - ogre
Aim: an ogre, wielding a +0 giant spiked club (black smoke, chance to defeat MR: 46%)
The ogre resists with some effort.
The ogre hits you with a +0 giant spiked club.
You die...

## #.. #).. §§§ #...##§#
#.....O#################
#......@................
####...###..###########.
........###....## #...<
#########...##..#####.###
#...###.##....#
##...##.##.####
###....##.# #....†..#
#..#....#


You could see an ogre.

Vanquished Creatures
  Crazy Yiuf (D:3)
  A worm (D:2)
  3 dart slugs
  A leopard gecko (D:3)
  2 orcs (D:3)
  7 bats
  10 goblins
  11 hobgoblins
  A quokka (D:2)
  5 frilled lizards
  8 kobolds
  7 rats
57 creatures vanquished.

Notes
Turn   | Place    | Note
-------+----------+-------------------------------------------
     0 | D:1      | Kairos the Vine Stalker Enchanter began the quest for the
                  | Orb.
     0 | D:1      | Reached XP level 1. HP: 9/9 MP: 4/4
   360 | D:1      | Reached XP level 2. HP: 11/13 MP: 4/6
   399 | D:1      | Reached skill level 1 in Short Blades
   938 | D:1      | Reached skill level 4 in Stealth
  1002 | D:2      | Reached XP level 3. HP: 9/16 MP: 6/8
  1579 | D:3      | Gained mutation: Your natural rate of healing is unusually
                  | fast. [Vine Stalker growth]
  1579 | D:3      | Reached XP level 4. HP: 8/21 MP: 6/9
  1794 | D:3      | Found a runed translucent door.
  1795 | D:3      | Noticed Crazy Yiuf
  2024 | D:3      | Found a stormy altar of Qazlal.
  2024 | D:3      | Found a deep blue altar of Sif Muna.
  2315 | D:3      | Killed Crazy Yiuf
  2478 | D:4      | Noticed an ogre
  2479 | D:4      | HP: 1/21 [ogre/+0 giant spiked club (20)]
  2481 | D:4      | Slain by an ogre

Skill      XL: |  1  2  3  4 |
---------------+-------------+-----
Short Blades   | 1 |  1.7
Stealth        | 4 |  4.9
Dodging        | 2 |  2.0
Fighting       | |  0.6
Shields        | |  0.3
Spellcasting   | |  2.7
Hexes          | |  3.3

Action                   |  1- 3 |  4- 6 || total
-------------------------+-------+-------++-------
Melee: Dagger            |   116 |    45 ||   161
       Bite              |    20 |    13 ||    33
Evoke: Wand              |       |     1 ||     1
  Use: Potion            |       |     4 ||     4
       Scroll            |       |     2 ||     2
 Stab: Sleeping          |     8 |       ||     8
  Eat: Chunk             |     1 |     4 ||     5
Armor: Robe              |    35 |     1 ||    36
Dodge: Dodged            |    60 |    17 ||    77
Block: Shield            |    29 |    12 ||    41
